 Dungeon Sprint DCSS version 0.24.0-125-gc4c63601f3 (webtiles) character file.

Game seed: 2795034763227604852, levelgen mode: deterministic

1289 Ponchio the Earth Mage (level 8, -15/41 HPs)
             Began as a Deep Elf Earth Elementalist on Feb 29, 2020.
             Was an Initiate of Vehumet.
             Demolished by a polar bear (27 damage)
             ... in the Dungeon (Sprint II: "The Violet Keep of Menkaure").
             The game lasted 00:05:35 (515 turns).

Ponchio the Earth Mage (Deep Elf Earth Elementalist) Turns: 515, Time: 00:05:36

Health: -15/41     AC:  2    Str:  5    XL:     8   Next: 30%
Magic:  9/28       EV: 13    Int: 23    God:    Vehumet [......]
Gold:   972        SH:  0    Dex: 15    Spells: 21/36 levels left

rFire    . . .     SeeInvis .   (no weapon)
rCold    . . .     Gourm    .   (no shield)
rNeg     . . .     Faith    .   c - +0 robe
rPois    .         Spirit   .   (no helmet)
rElec    .         Reflect  .   (no cloak)
rCorr    .         Harm     .   (no gloves)
MR       .....     NoTele   +   (no boots)
Stlth    ++........             (no amulet)
HPRegen  0.13/turn              (no ring)
MPRegen  0.21/turn              (no ring)

@: no status effects
A: no striking features
a: Renounce Religion


You were in the Dungeon.
You worshipped Vehumet.
Vehumet was noncommittal.
You were hungry.

You visited 1 branch You collected 972 gold pieces.

Inventory:

Missiles
 b - 19 stones (quivered)
Armour
 c - a +0 robe (worn)
Scrolls
 j - a scroll of blinking
Potions
 e - a potion of curing
 i - a potion of berserk rage
Comestibles
 d - a ration


   Skills:
 - Level 2.4 Dodging
 - Level 2.4 Stealth
 + Level 14.7 Spellcasting
 - Level 1.1 Transmutations
 * Level 15.1 Earth Magic


You had 21 spell levels left.
You knew the following spells:

 Your Spells              Type           Power        Failure   Level  Hunger
a - Sandblast             Erth           ######       0%          1    None
b - Passwall              Tmut/Erth      ######..     1%          2    None
c - Stone Arrow           Conj/Erth      ######       1%          3    None
d - Petrify               Tmut/Erth      ######..     1%          4    None
e - Lee's Rapid Deconstr  Erth           ######....   1%          5    ###....

Your spell library contained the following spells:

 Spells                   Type           Power        Failure   Level  Hunger


Dungeon Overview and Level Annotations

Branches:
Dungeon (1/1)

Altars:
Cheibriados
Dithmenos
Elyvilon
Fedhas
Gozag
Hepliaklqana
Kikubaaqudgha
Makhleb
Nemelex Xobeh
Okawaru
Qazlal
Ru
Sif Muna
Trog
Uskayaw
Vehumet
Wu Jian
Xom
Yredelemnul
Zin
The Shining One
Beogh
Jiyva
Lugonu


Message History

A translucent rock wall.
The wall shatters!
The blast of rock fragments hits the polar bear!!
The polar bear is severely wounded.
You are feeling hungry.
The polar bear goes berserk!
Casting: Lee's Rapid Deconstruction (safe; 1% risk of failure)
Confirm with . or Enter, or press ? or * to list all spells.
Aiming: Lee's Rapid Deconstruction (safe; 1% risk of failure)
Press: ? - help, Dir - move target cursor A translucent rock wall.
The wall shatters!
The blast of rock fragments hits the polar bear!
The polar bear is almost dead.
The polar bear bites you!
* * * LOW HITPOINT WARNING * * *
The polar bear claws you but does no damage.
The polar bear barely misses you. The polar bear bites you!!
Ouch! That really hurt!
You die...

####≈§§§.÷.≈#'########+##
.#≈≈≈≈≈≈§.§≈#.._._._.#§§≈##
##≈≈≈≈≈≈≈§.≈#._._._..#≈≈≈§##
#≈≈≈≈≈≈≈≈≈≈≈#_._._._.#≈§§≈§#
≈≈≈≈§≈§≈§≈≈§#._._._._#§§§§§≈
++#≈§≈≈≈≈≈≈§#.._._._.#§§§§§≈
##§§§###≈≈#..._._._#≈§§§≈t z
#≈≈#...._._.#t§≈≈§§ °○
#≈≈#...@h_._#t§≈§▓ °°°
≈≈≈≈≈≈##########≈§≈§▓z ..##
#######≈≈≈≈≈≈≈≈≈§§§≈▓z ###
≈≈≈○###≈########≈▓▓▓▓▓
○○S°S##≈# ▓▓ °○○°≈S+≈#
○°○≈≈#### ≈§○≈#


You could see a polar bear (berserk), 2 crocodiles and 2 lava snakes.

Vanquished Creatures
  A hornet (D)
  4 neqoxecs (D)
  Menkaure (D)
  4 necrophages (D)
  4 worker ants (D)
  3 worms (D)
17 creatures vanquished.

Vanquished Creatures (others)
  A crocodile (D)
1 creature vanquished.

Grand Total: 18 creatures vanquished

Notes
Turn   | Place    | Note
-------+----------+-------------------------------------------
     0 | D        | Ponchio the Deep Elf Earth Elementalist began the quest for
                  | the Orb.
     0 | D        | Reached XP level 1. HP: 10/10 MP: 6/6
     1 | D        | Noticed a neqoxec
     7 | D        | Noticed a necrophage
     7 | D        | Noticed a necrophage
     7 | D        | Noticed a necrophage
     7 | D        | Noticed a necrophage
    11 | D        | Killed a necrophage
    11 | D        | Reached skill level 8 in Earth Magic
    11 | D        | Reached XP level 2. HP: 15/15 MP: 3/12
    11 | D        | Reached XP level 3. HP: 19/19 MP: 3/13
    11 | D        | Reached XP level 4. HP: 24/24 MP: 3/15
    13 | D        | Killed a necrophage
    13 | D        | Reached skill level 9 in Earth Magic
    13 | D        | Reached XP level 5. HP: 28/28 MP: 1/18
    17 | D        | Killed a necrophage
    17 | D        | Reached skill level 10 in Spellcasting
    17 | D        | Reached skill level 10 in Earth Magic
    19 | D        | Killed a necrophage
    19 | D        | Reached skill level 11 in Earth Magic
    19 | D        | Reached XP level 6. HP: 32/32 MP: 13/22
    23 | D        | Learned a level 2 spell: Passwall
    27 | D        | Learned a level 3 spell: Stone Arrow
    32 | D        | Learned a level 4 spell: Petrify
    38 | D        | Learned a level 5 spell: Lee's Rapid Deconstruction
    77 | D        | Reached skill level 12 in Earth Magic
   151 | D        | Noticed Menkaure
   157 | D        | Killed Menkaure
   157 | D        | Reached XP level 7. HP: 19/36 MP: 1/25
   306 | D        | Noticed a neqoxec
   308 | D        | Killed a neqoxec
   308 | D        | Reached skill level 13 in Earth Magic
   309 | D        | Killed a neqoxec
   313 | D        | Noticed a neqoxec
   315 | D        | Killed a neqoxec
   315 | D        | Reached skill level 14 in Earth Magic
   316 | D        | Noticed a neqoxec
   326 | D        | Killed a neqoxec
   326 | D        | Reached XP level 8. HP: 32/41 MP: 16/28
   402 | D        | Noticed a flying skull
   402 | D        | Noticed a flying skull
   402 | D        | Noticed a flying skull
   402 | D        | Noticed a flying skull
   402 | D        | Noticed a flying skull
   402 | D        | Noticed a flying skull
   402 | D        | Noticed a flying skull
   403 | D        | Noticed a flying skull
   403 | D        | Noticed a flying skull
   404 | D        | Noticed a flying skull
   404 | D        | Noticed a flying skull
   404 | D        | Noticed a flying skull
   421 | D        | Found a roughly hewn altar of Beogh.
   422 | D        | Found a hazy altar of Hepliaklqana.
   422 | D        | Found a snail-covered altar of Cheibriados.
   423 | D        | Found a stormy altar of Qazlal.
   423 | D        | Found a viscous altar of Jiyva.
   423 | D        | Found a shadowy altar of Dithmenos.
   424 | D        | Found a sacrificial altar of Ru.
   424 | D        | Found an ancient bone altar of Kikubaaqudgha.
   424 | D        | Found a white marble altar of Elyvilon.
   425 | D        | Found an ornate altar of the Wu Jian Council.
   425 | D        | Found a shimmering blue altar of Sif Muna.
   425 | D        | Found a corrupted altar of Lugonu.
   426 | D        | Found a shimmering altar of Xom.
   426 | D        | Found a bloodstained altar of Trog.
   426 | D        | Found a burning altar of Makhleb.
   427 | D        | Found a glowing golden altar of the Shining One.
   427 | D        | Found a basalt altar of Yredelemnul.
   427 | D        | Found a hide-covered altar of Uskayaw.
   429 | D        | Found a glowing silver altar of Zin.
   429 | D        | Found a radiant altar of Vehumet.
   429 | D        | Found a blossoming altar of Fedhas.
   429 | D        | Found a sparkling altar of Nemelex Xobeh.
   429 | D        | Noticed a hornet
   429 | D        | Noticed a polar bear
   429 | D        | Noticed a polar bear
   429 | D        | Noticed a polar bear
   430 | D        | Noticed a yaktaur
   431 | D        | Found an opulent altar of Gozag.
   431 | D        | Found an iron altar of Okawaru.
   446 | D        | Noticed a flying skull
   446 | D        | Noticed a flying skull
   449 | D        | Became a worshipper of Vehumet
   462 | D        | Killed a hornet
   462 | D        | Reached skill level 15 in Earth Magic
   515 | D        | Demolished by a polar bear

Levels and vault maps discovered:
D:        the_violet_keep_of_menkaure [sprint2_stairs_cluster_1,
          sprint2_shoproom, sprint2_temple, sprint2_basic_supplies,
          sprint2_obstacle_1, sprint2_obstacle_5, sprint2_obstacle_7,
          sprint2_obstacle_6, sprint2_obstacle_4, sprint2_timed_cluster_1,
          sprint2_smallroom_cluster_1, sprint2_smallroom_final_cluster_1,
          sprint2_transparent_cluster_1, sprint2_second_timed_cluster_1,
          sprint2_sniper_area_1, sprint2_heavy_combat_area_1,
          sprint2_mutation_trap_area_1, sprint2_forest_area_1,
          sprint2_light_combat_area_1, sprint2_behind_water_1,
          sprint2_near_end_vault_1]

Skill      XL: |  1  2  3  4  5  6  7  8 |
---------------+-------------------------+-----
Spellcasting   | 7 9 11 13 14 | 14.7
Earth Magic    | 8 9 11 12 14 15 | 15.1
Dodging        | |  2.4
Stealth        | |  2.4
Transmutations | |  1.1

Action                   |  1- 3 |  4- 6 |  7- 9 || total
-------------------------+-------+-------+-------++-------
 Cast: Sandblast         |     2 |     8 |     1 ||    11
       Lee's Rapid Decon |       |     6 |    15 ||    21
  Use: Potion            |     1 |     1 |     2 ||     4
Armor: Robe              |       |       |     1 ||     1
Dodge: Dodged            |     1 |     2 |     8 ||    11
